 Dungeon Crawl Stone Soup version 0.31.0-32-g396128a36d (webtiles) character file.

Game seed: 3159697762538041957

579 WormRider the Trooper (level 7, -1/51 HPs)
             Began as an Octopode Shapeshifter on Mar 26, 2024.
             Succumbed to a scorpion's poison
             ... on level 4 of the Dungeon.
             The game lasted 00:04:56 (4149 turns).

WormRider the Trooper (Octopode Shapeshifter)       Turns: 4149, Time: 00:04:57

Health: -1/51      AC:  1    Str: 13    XL:     7   Next: 36%
Magic:  7/7        EV: 13    Int: 14    God:
Gold:   161        SH:  0    Dex: 12    Spells: 6/6 levels left

rFire   + .          .
                       - Unarmed
rCold   . . .        (no shield)
rNeg    . . .        (helmet currently unavailable)
rPois   .            (no amulet)
rElec   .            F - ring of protection from fire
rCorr   .            Y - +4 ring of slaying
SInv    .            (no ring)
Will    .....        (no ring)
Stlth   ++           (no ring)
HPRegen 0.28/turn    (no ring)
MPRegen 0.10/turn    (no ring)
                     (no ring)

%: no passive effects
@: lethally poisoned (-1 -> -14), beast-form
A: beast (slay +2), almost no armour, amphibious, 8 rings, camouflage 1,
gelatinous body 1, (nimble swimmer 1), tentacles
a: Begin Untransformation


You were on level 4 of the Dungeon.
You were a hulking beast.
You visited 1 branch of the dungeon, and saw 4 of its levels.

You collected 161 gold pieces.


Innate Abilities, Weirdness & Mutations

You are a hulking beast.
Your limbs bulge with bestial killing power. (Slay +2)
You cannot wear most types of armour.
You are amphibious.
You can wear up to eight rings at the same time.
Your skin changes colour to match your surroundings (Stealth+).
Your rubbery body absorbs attacks. (AC +1, EV +1)
((You are camouflaged when in or above water. (Stealth+)))
You have tentacles for arms and can constrict up to eight enemies at once.


   Skills:
 + Level 5.7 Fighting
 - Level 2.0 Dodging
 - Level 4.0 Unarmed Combat
 - Level 5.0 Shapeshifting


You had 6 spell levels left.
You didn't know any spells.
Your spell library contained the following spells:

 Spells                   Type           Power      Damage    Failure   Level
 Apportation              Tloc           0%         N/A       28%         1
 Sandblast                Erth           0%         2d4       28%         1
 Call Imp                 Summ           0%         N/A       41%         2
 Jinxbite                 Hex            0%         N/A       41%         2
 Scorch                   Fire           0%         2d5       41%         2
 Sublimation of Blood     Necr           0%         N/A       41%         2
 Passwall                 Erth           0%         N/A       65%         3
 Stone Arrow              Conj/Erth      0%         3d7       65%         3
 Animate Dead             Necr           0%         N/A       96%         4
 Brom's Barrelling Bould  Conj/Erth      0%         2d3       96%         4
 Flame Wave               Conj/Fire      0%         2d4       96%         4
 Alistair's Intoxication  Alch           0%         N/A       100%        5
 Borgnjor's Vile Clutch   Necr/Erth      0%         N/A       100%        5
 Death Channel            Necr           0%         N/A       100%        6
 Summon Cactus Giant      Summ           0%         N/A       100%        6
 Summon Hydra             Summ           0%         N/A       100%        7

Inventory:

Jewellery
 j - an amulet of magic regeneration
 C - a ring of ice
 F - a ring of protection from fire (left tentacle)
 Y - a +4 ring of slaying (right tentacle)
Talismans
 b - a beast talisman
 c - a flux talisman
Scrolls
 e - 4 scrolls of fog {unknown}
 f - 4 scrolls of identify {unknown}
 g - 2 scrolls of teleportation {unknown}
 h - 2 scrolls of noise {unknown}
 i - 3 scrolls of vulnerability {unknown}
 l - a scroll of revelation {unknown}
Potions
 a - 3 potions of lignification
 d - 2 potions of heal wounds {@q2}
 k - a potion of curing {unknown}
 m - a potion of degeneration {unknown}
 n - a potion of attraction {unknown}
 o - 2 potions of enlightenment {unknown}

Dungeon Overview and Level Annotations

Branches:
Dungeon (4/15)
 Temple: D:4-7

Altars:
Ashenzari
Makhleb

Shops:
D:4

[( ###.### ########## #.##.#
....###########..........# ......
....≈....................##..##.#
...§.≈...................##..#...
#.≈...≈..................##.. ..#
#≈..∩..§.................## ...
#.§...§....................
#.§≈.§...##+###..†..!.....#
#...≈§........#.h).........
######...........##.......#
#........##.#.........
#........##.#.........
#........##.#.........
#........##.#.........
#........##.#########.
#........##.# .........##.#


There were no monsters in sight!


Message History

The scorpion is moderately wounded.
You feel sick. The scorpion stings you!
* * * LOW HITPOINT WARNING * * *
You are more poisoned.
The scorpion poisons you!
You barely miss the scorpion. You grab the scorpion.
You tentacle-slap the scorpion, but do no damage.
The scorpion is moderately wounded.
You constrict the scorpion, but do no damage.
You feel very sick. The scorpion completely misses you.
You tentacle-slap the scorpion. You squeeze the scorpion.
The scorpion is almost dead.
You constrict the scorpion, but do no damage.
You feel sick. The scorpion stings you.
* * * LOW HITPOINT WARNING * * *
You are more poisoned.
The scorpion poisons you!
You tentacle-slap the scorpion.
The scorpion is almost dead.
You constrict the scorpion.
* * * LOW HITPOINT WARNING * * *
You feel very sick. The scorpion stings you.
* * * LOW HITPOINT WARNING * * *
You barely miss the scorpion.
The scorpion is almost dead.
You constrict the scorpion.
You kill the scorpion!
You die...

Skill      XL: |  1  2  3  4  5  6 |
---------------+-------------------+-----
Fighting       | 2 3 4 5 |  5.7
Shapeshifting  | 4 5 |  5.0
Unarmed Combat | 4 |  4.0
Dodging        | |  2.0

Action                     |  1- 3 |  4- 6 |  7- 9 || total
---------------------------+-------+-------+-------++-------
  Melee: Unarmed           |    73 |   156 |     5 ||   234
         Constrict         |    16 |    39 |     1 ||    56
         Tentacles         |    13 |    35 |     1 ||    49
         Punch             |     4 |     2 |     1 ||     7
 Invoke: Renounce Religion |     1 |       |       ||     1
    Use: Potion            |       |       |     1 ||     1
   Stab: Sleeping          |     5 |     3 |       ||     8
 Armour: Skin              |    42 |    97 |     3 ||   142
  Dodge: Dodged            |    41 |   119 |     2 ||   162

Levels and vault maps discovered:
D:1:      saegor_arrival_simple_b, layout_basic, minmay_rat_gold_closets
D:2:      layout_basic, nicolae_ecumenical_oubliette, uniq_robin
D:3:      minmay_chambers_of_twos, layout_basic, lightli_temple_of_fire,
          minmay_parallelograms, hangedman_decor_push, uniq_terence
D:4:      layout_basic, minmay_temple_entry_mist, serial_shops, shop,
          nicolae_shop_tiny_glass, nicolae_diamond_shop, nicolae_shop_clearance,
          uniq_menkaure, uniq_sigmund

Notes
Turn   | Place    | Note
-------+----------+-------------------------------------------
     0 | D:1      | WormRider the Octopode Shapeshifter began the quest for the
                  | Orb.
     0 | D:1      | Reached XP level 1. HP: 13/13 MP: 1/1
    61 | D:1      | Reached skill level 2 in Fighting
    61 | D:1      | Reached XP level 2. HP: 19/19 MP: 2/2
   248 | D:1      | Reached XP level 3. HP: 24/25 MP: 3/3
   301 | D:1      | Reached skill level 3 in Fighting
   733 | D:2      | Found a faded altar of an unknown god.
   746 | D:2      | Prayed at the altar of an unknown god.
   746 | D:2      | Became a worshipper of Ashenzari the Shackled
   843 | D:2      | Fell from the grace of Ashenzari
   851 | D:2      | Reached XP level 4. HP: 23/31 MP: 4/4
   867 | D:2      | Noticed Robin
  1343 | D:1      | Killed Robin
  2509 | D:3      | Noticed Terence
  2517 | D:3      | Killed Terence
  2518 | D:3      | Was forgiven by Ashenzari
  2518 | D:3      | Reached skill level 4 in Fighting
  2518 | D:3      | Reached XP level 5. HP: 20/37 MP: 5/5
  2522 | D:3      | Reached skill level 4 in Shapeshifting
  3226 | D:3      | Found a burning altar of Makhleb.
  3618 | D:4      | Reached XP level 6. HP: 44/44 MP: 6/6
  3678 | D:4      | Found Ogooto's Antique Weapon Shop.
  3724 | D:4      | HP: 4/44 [orc/+0 club (3)]
  4066 | D:4      | Found Rodyrph's Antique Armour Emporium.
  4069 | D:4      | Noticed Menkaure
  4076 | D:4      | Killed Menkaure
  4077 | D:4      | Reached skill level 4 in Unarmed Combat
  4124 | D:4      | Noticed Sigmund
  4143 | D:4      | Killed Sigmund
  4143 | D:4      | HP: 3/45 [poisoned by a scorpion]
  4144 | D:4      | Reached skill level 5 in Fighting
  4144 | D:4      | Reached skill level 5 in Shapeshifting
  4144 | D:4      | Reached XP level 7. HP: 3/51 MP: 7/7
  4148 | D:4      | HP: 4/51 [poisoned by a scorpion]
  4149 | D:4      | Succumbed to a scorpion's poison

Vanquished Creatures
  Sigmund (D:4)
  Menkaure (D:4)
  A scorpion (D:4)
  A hound (D:4)
  Terence (D:3)
  2 orc wizards (D:4)
  Robin (D:1)
  5 adders
  4 dart slugs
  4 ribbon worms
  14 orcs
  6 ball pythons
  8 bats
  4 endoplasms
  3 giant cockroaches
  11 goblins
  9 hobgoblins
  8 jackals
  7 kobolds
  3 quokkas (D:1)
  4 frilled lizards
  10 rats
108 creatures vanquished.

Table legend: (Time is in decaauts)
 A = Elapsed time spent in this place.
 B = Non-inter-level travel time spent in this place.
 C = Inter-level travel time spent in this place.
 D = Time resting spent in this place.
 E = Time spent auto-exploring this place.
 F = Levels seen in this place.
 G = Mean time per level.
                   A        B        C        D        E       F      G
               +--------+--------+--------+--------+--------+-----+--------+
         Total |   4138 |   4041 |     97 |   1258 |   2133 |   4 | 1034.5 |
       Dungeon |   4138 |   4041 |     97 |   1258 |   2133 |   4 | 1034.5 |
               +--------+--------+--------+--------+--------+-----+--------+

Top non-repeatable levels by time:
     D:1: 1534 daAuts
     D:3: 1317 daAuts
     D:2: 726 daAuts
     D:4: 561 daAuts

Table legend:
 A = Non-vault XP
 B = Vault XP
 C = Vault XP percentage of total XP
 D = Non-vault monster count
 E = Vault monster count
 F = Vault count percentage of total count
                 A         B        C        D         E       F
            +---------+---------+-------+---------+---------+-------
      Total |     395 |     513 |  56.5 |      77 |      31 |  28.7
            +---------+---------+-------+---------+---------+-------
        D:1 |      56 |      37 |  39.8 |      25 |      16 |  39.0
        D:2 |      45 |       8 |  15.1 |      12 |       4 |  25.0
        D:3 |      66 |      70 |  51.5 |      24 |       9 |  27.3
        D:4 |     228 |     398 |  63.6 |      16 |       2 |  11.1
            +---------+---------+-------+---------+---------+-------
